 Dungeon Crawl Stone Soup version 0.23.0 (webtiles) character file.

Game seed: 3451541493956100849

584251 xccam the Drop of Water (level 25, -7/137 HPs)
             Began as a Gnoll Wanderer on Feb 18, 2019.
             Was the Champion of Ru.
             Mangled by a large abomination (29 damage)
             ... on level 3 of the Abyss on Feb 19, 2019.
             The game lasted 04:35:52 (69888 turns).

xccam the Drop of Water (Gnoll Wanderer)           Turns: 69888, Time: 04:35:53

Health: -7/137     AC: 26    Str: 16    XL:     25
Magic:  34/34      EV:  5    Int: 15    God:    Ru [******]
Gold:   6922       SH: 16    Dex: 24    Spells: 38/57 levels left

rFire    + + .     SeeInvis +   a - +9 broad axe (chop)
rCold    + + +     Gourm    .   W - +3 buckler {rC+ rF+}
rNeg     + + +     Faith    .   E - +5 faerie dragon scales {rPois rC+ rCorr Str-3}
rPois    +         Spirit   .   X - +2 helmet {SInv}
rElec    +         Reflect  +   C - +2 cloak {MR+}
rCorr    +         Harm     .   Y - +2 pair of gloves {Dex+3}
MR       ++++.     Rnd*Rage +   h - +2 pair of boots of the Vacuum {rElec rN+++ MR++ Int-4}
Stlth    +++++++...             O - amulet "Seruiggy" {Reflect +Inv Dex+5 SH+4 Stlth+}
HPRegen  0.00/turn              p - ring of protection from fire
MPRegen  0.24/turn              P - ring of protection from cold

@: non-regenerating, diseased, studying Ice Magic, lightly drained
A: distributed training, fangs 1, hooves 1, berserk 1, [blurry vision 2], clumsy
1, deformed body, frail 1[+2], [low mp 2], screaming 1, inability to train
dodging, reduced EV 1, unskilled 1, inexperienced 1, strong nose
}: 4/15 runes: decaying, slimy, silver, gossamer
a: Draw Out Power, Power Leap, Apocalypse, Renounce Religion, Evoke Invisibility


You were on level 3 of the Abyss.
You worshipped Ru.
Ru was exalted by your worship.
You were not hungry.

You visited 10 branches of the dungeon, and saw 49 of its levels.
You visited the Abyss 2 times.
You also visited: Gauntlet, Ice Cave and Wizlab.

You collected 8574 gold pieces.
You spent 1652 gold pieces at shops.

Inventory:

Hand Weapons
 a - a +9 broad axe of chopping (weapon)
 b - the +5 hand crossbow "Pumeofaps" {freeze, Str+4}
   (You found it on level 5 of the Pits of Slime)

   It causes projectiles fired from it to freeze those they strike, causing
   extra injury to most foes and up to half again as much damage against
   particularly susceptible opponents.
   They can also slow down cold-blooded creatures.
   It affects your strength (+4).
Missiles
 c - 346 bolts
Armour
 h - the +2 pair of boots of the Vacuum (worn) {rElec rN+++ MR++ Int-4}
   (You found it in a Gauntlet)

   It affects your intelligence (-4).
   It insulates you from electricity.
   It renders you almost immune to negative energy.
   It affects your resistance to hostile enchantments.
 C - a +2 cloak of magic resistance (worn)
 E - the +5 faerie dragon scales (worn) {rPois rC+ rCorr Str-3}
   (You took it off the Enchantress on level 4 of the Depths)

   It affects your strength (-3).
   It protects you from cold.
   It protects you from poison.
   It provides partial protection from all sources of acid and corrosion.
 N - a +1 crystal plate armour
 Q - a +2 large shield
 W - a +3 buckler of resistance (worn)
 X - a +2 helmet of see invisible (worn)
 Y - a +2 pair of gloves of dexterity (worn)
Jewellery
 g - the ring of the Country {rCorr Str+3 Int+4}
   (You acquired it on level 1 of the Lair of Beasts)

   [ring of resist corrosion]

   It affects your strength (+3).
   It affects your intelligence (+4).
 p - a ring of protection from fire (left hand)
 v - the ring "Boiravuo" {+Fly rN+ MR- Stlth+}
   (You found it in a wizard's laboratory)

   [ring of flight]

   It protects you from negative energy.
   It affects your resistance to hostile enchantments.
   It lets you fly.
   It makes you more stealthy.
 D - the ring of Vehi Qom {+Fly Int+3}
   (You took it off a vault sentinel on level 5 of the Vaults)

   [ring of flight]

   It affects your intelligence (+3).
   It lets you fly.
 G - a +4 ring of intelligence
 H - the ring of Jemecysu {MR+ Str+5}
   (You found it on level 3 of the Depths)

   [ring of strength]

   It affects your strength (+5).
   It affects your resistance to hostile enchantments.
 L - a +2 ring of protection
 M - a +1 ring of slaying
 O - the amulet "Seruiggy" (around neck) {Reflect +Inv Dex+5 SH+4 Stlth+}
   (You found it on level 5 of the Pits of Slime)

   [amulet of reflection]

   It shields you and reflects attacks.
   It affects your dexterity (+5).
   It lets you turn invisible.
   It affects your SH (+4).
   It makes you more stealthy.
 P - a ring of protection from cold (right hand)
 R - an uncursed ring of fire
Wands
 i - a wand of scattershot (6)
 k - a wand of paralysis (10)
 s - a wand of clouds (12)
 x - a wand of iceblast (31)
 z - a wand of digging (11)
 K - a wand of acid (42)
Scrolls
 d - 23 scrolls of remove curse
 l - 6 scrolls of immolation
 q - 6 scrolls of magic mapping
 r - 13 scrolls of enchant armour
 B - a scroll of blinking
 F - a scroll of summoning
 I - 3 scrolls of acquirement
 J - 11 scrolls of teleportation
 T - 5 scrolls of fog
 U - a scroll of enchant weapon
Potions
 e - 2 potions of resistance
 j - 4 potions of flight
 m - 9 potions of ambrosia
 n - a potion of might
 o - 9 potions of curing
 t - 2 potions of magic
 w - 2 potions of haste
 y - 4 potions of brilliance
 A - 3 potions of mutation
 S - 4 potions of berserk rage
 V - 3 potions of cancellation
 Z - 3 potions of invisibility
Books
 u - a manual of Ice Magic
Comestibles
 f - 52 rations


   Skills:
 + Level 16.0(15.8) Fighting
 + Level 15.6(15.3) Short Blades
 + Level 15.6(15.3) Long Blades
 + Level 15.6(15.3) Axes
 + Level 15.6(15.3) Maces & Flails
 + Level 15.6(15.3) Polearms
 + Level 15.6(15.3) Staves
 + Level 15.6(15.3) Slings
 + Level 15.6(15.3) Bows
 + Level 15.6(15.3) Crossbows
 + Level 15.6(15.3) Throwing
 + Level 15.6(15.3) Armour
   Level 0.0 Dodging
 + Level 16.3(16.0) Stealth
 + Level 15.6(15.3) Shields
 + Level 15.6(15.3) Unarmed Combat
 + Level 16.6(16.3) Spellcasting
 + Level 13.4(13.2) Conjurations
 + Level 13.4(13.2) Hexes
 + Level 13.4(13.2) Charms
 + Level 13.6(13.3) Summonings
 + Level 13.4(13.2) Necromancy
 + Level 13.4(13.2) Translocations
 + Level 13.4(13.2) Transmutations
 + Level 13.8(13.6) Fire Magic
 + Level 13.8(13.5) Ice Magic
 + Level 13.4(13.2) Air Magic
 + Level 13.4(13.2) Earth Magic
 + Level 13.6(13.3) Poison Magic
 + Level 16.8(16.5) Invocations
 + Level 15.6(15.3) Evocations


You had 38 spell levels left.
You knew the following spells:

 Your Spells              Type           Power        Failure   Level  Hunger
a - Shock                 Conj/Air       ####         1%          1    None
b - Mephitic Cloud        Conj/Pois/Air  ######..     1%          3    None
c - Regeneration          Chrm/Necr      ######....   1%          3    None
d - Iron Shot             Conj/Erth      ######....   4%          6    ######.
e - Statue Form           Tmut/Erth      ######...    4%          6    ######.

Your spell library contained the following spells:

 Spells                   Type           Power        Failure   Level  Hunger
 Animate Skeleton         Necr           N/A          1%          1    None
 Apportation              Tloc           ######       1%          1    None
 Confusing Touch          Hex            ######       1%          1    None
 Flame Tongue             Conj/Fire      #####        1%          1    None
 Freeze                   Ice            ####         1%          1    None
 Infusion                 Chrm           ####         1%          1    None
 Magic Dart               Conj           ####         1%          1    None
 Sandblast                Erth           ######       1%          1    None
 Sting                    Conj/Pois      ####         1%          1    None
 Summon Butterflies       Summ           ######..     1%          1    None
 Summon Small Mammal      Summ           ####         1%          1    None
 Blink                    Tloc           N/A          1%          2    None
 Call Imp                 Summ           ######..     1%          2    None
 Corpse Rot               Necr           N/A          1%          2    None
 Passwall                 Tmut/Erth      ######..     1%          2    None
 Poisonous Vapours        Pois/Air       ######       1%          2    None
 Shroud of Golubria       Chrm/Tloc      ######....   1%          2    None
 Slow                     Hex            ######..     1%          2    None
 Song of Slaying          Chrm           ######..     1%          2    None
 Sublimation of Blood     Necr           ######....   1%          2    None
 Swiftness                Chrm/Air       ######..     1%          2    None
 Throw Flame              Conj/Fire      ######       1%          2    None
 Throw Frost              Conj/Ice       ######       1%          2    None
 Call Canine Familiar     Summ           ######..     1%          3    None
 Confuse                  Hex            ######..     1%          3    None
 Conjure Flame            Conj/Fire      ######..     1%          3    None
 Gell's Gravitas          Tloc           ######....   1%          3    None
 Ignite Poison            Fire/Tmut/Pois ######..     1%          3    None
 Inner Flame              Hex/Fire       ######..     1%          3    None
 Lesser Beckoning         Tloc           ######....   1%          3    None
 Ozocubu's Armour         Chrm/Ice       ######..     1%          3    None
 Portal Projectile        Hex/Tloc       ######       1%          3    None
 Spectral Weapon          Hex/Chrm       ######..     1%          3    None
 Static Discharge         Conj/Air       ######..     1%          3    None
 Stone Arrow              Conj/Erth      ######       1%          3    None
 Summon Guardian Golem    Hex/Summ       ######..     1%          3    None
 Tukima's Dance           Hex            ######..     1%          3    None
 Airstrike                Air            ######....   1%          4    #......
 Animate Dead             Necr           N/A          1%          4    #......
 Cause Fear               Hex            ######....   1%          4    #......
 Force Lance              Conj/Tloc      ######..     1%          4    #......
 Ice Form                 Ice/Tmut       ######..     1%          4    #......
 Olgreb's Toxic Radiance  Pois           ######..     1%          4    #......
 Passage of Golubria      Tloc           N/A          1%          4    #......
 Petrify                  Tmut/Erth      ######..     1%          4    #......
 Summon Ice Beast         Ice/Summ       ######..     1%          4    #......
 Summon Lightning Spire   Summ/Air       ######..     1%          4    #......
 Throw Icicle             Conj/Ice       ######..     1%          4    #......
 Agony                    Necr           ######..     1%          5    ####...
 Alistair's Intoxication  Tmut/Pois      ######..     1%          5    ####...
 Bolt of Magma            Conj/Fire/Erth ######....   1%          5    ####...
 Fireball                 Conj/Fire      ######....   1%          5    ####...
 Irradiate                Conj/Tmut      ######....   1%          5    ####...
 Iskenderun's Battlesphe  Conj/Chrm      ######..     1%          5    ####...
 Lee's Rapid Deconstruct  Erth           ######....   1%          5    ####...
 Lightning Bolt           Conj/Air       ######....   1%          5    ####...
 Metabolic Englaciation   Hex/Ice        ######....   1%          5    ####...
 Silence                  Hex/Air        ######....   1%          5    ####...
 Summon Forest            Summ/Tloc      ######....   1%          5    ####...
 Venom Bolt               Conj/Pois      ######....   1%          5    ####...
 Yara's Violent Unravell  Hex/Tmut       ######....   1%          5    ####...
 Bolt of Fire             Conj/Fire      ######....   3%          6    ######.
 Ozocubu's Refrigeration  Ice            ######....   3%          6    ######.
 Bolt of Cold             Conj/Ice       ######....   4%          6    ######.
 Conjure Ball Lightning   Conj/Air       ######....   4%          6    ######.
 Darkness                 Hex            ######....   4%          6    ######.
 Deflect Missiles         Chrm/Air       ######....   4%          6    ######.
 Dispersal                Tloc           ######....   4%          6    ######.
 Freezing Cloud           Conj/Ice/Air   ######....   4%          6    ######.
 Hydra Form               Tmut           ######....   4%          6    ######.
 Invisibility             Hex            ######..     4%          6    ######.
 Poison Arrow             Conj/Pois      ######....   4%          6    ######.
 Shadow Creatures         Summ           N/A          4%          6    ######.
 Simulacrum               Ice/Necr       ######....   4%          6    ######.
 Ring of Flames           Chrm/Fire      ######....   22%         7    #######
 Spellforged Servitor     Conj/Summ      ######....   22%         7    #######
 Dragon Form              Tmut           ######....   24%         7    #######
 Orb of Destruction       Conj           ######....   24%         7    #######
 Ignition                 Fire           ######....   83%         8    #######
 Chain Lightning          Conj/Air       ######....   88%         8    #######
 Controlled Blink         Tloc           N/A          88%         8    #######
 Disjunction              Tloc           ######....   88%         8    #######
 Lehudib's Crystal Spear  Conj/Erth      ######....   88%         8    #######
 Dragon's Call            Summ           ######....   100%        9    #######
 Fire Storm               Conj/Fire      ######....   100%        9    #######
 Glaciate                 Conj/Ice       ######....   100%        9    #######
 Tornado                  Air            ######....   100%        9    #######


Dungeon Overview and Level Annotations

Branches:
Dungeon (15/15)            Temple (0/1) D:6            Lair (6/6) D:8
  Swamp (4/4) Lair:3       Spider (4/4) Lair:2        Slime (5/5) Lair:5
    Orc (2/2) D:12            Elf (2/3) Orc:2        Vaults (5/5) D:14
  Crypt (1/3) Vaults:3     Depths (5/5) D:15            Zot (0/5) Depths:5

Altars:
Ashenzari
Cheibriados
Elyvilon
Gozag
Kikubaaqudgha
Makhleb
Nemelex Xobeh
Qazlal
Ru
Sif Muna
Trog
Wu Jian
Yredelemnul
Beogh
Jiyva

Shops:
D:6 [   D:7 =   D:12 ?   D:15 (   Orc:2 [*=(   Elf:1 ?%[[   Elf:2 *
Vaults:3 :%}*

Portals:
Hell: Depths:1 Depths:2 Depths:3 Depths:4 Depths:5
Abyss: Depths:4
Pandemonium: Depths:3 Depths:4
Ziggurat: Depths:4

Annotations:
Lair:3 exclusion: ice statue


Innate Abilities, Weirdness & Mutations

Your experience applies equally to all skills.
You have very sharp teeth.
You cannot train Dodging skill.
You have somewhat slow reflexes. (EV -5)
You are somewhat unskilled. (-1 Apt)
You are somewhat inexperienced. (-2 XL)
Your uncanny sense of smell can sniff out nearby items.
You have large cloven feet.
You tend to lose your temper in combat.
You are clumsy. (Dex -2)
Armour fits poorly on your strangely shaped body.
You occasionally shout uncontrollably at your foes.
[Scrolls take you longer to read.]
[You are extremely frail. (-30% HP)]
[Your magical capacity is very low. (-20% MP)]


Message History

You destroy the starcursed mass!
The starcursed mass shudders and withdraws towards its neighbour.
You hit the starcursed mass but do no damage.
You slash the large abomination!
An iron imp comes into view.
A chorus of shrieks assaults your mind.
* * * LOW HITPOINT WARNING * * *
You focus your will and blind the starcursed mass in retribution!
The large abomination hits you.
* * * LOW HITPOINT WARNING * * *
Really read with blurry vision while enemies are nearby?
A starcursed mass splits.
You block the large abomination's attack.
A starcursed mass splits.
A chorus of shrieks assaults your mind.
* * * LOW HITPOINT WARNING * * *
You begin reading the scroll.
You continue reading the scroll.
The starcursed mass engulfs you but does no damage.
The large abomination hits you!!
You die...

. # . #. ..
. # #..#.#.
# #. ..# #.
.. #. #(. #
# ..# .#
..#. .#..s
X#..#..# ..
. #.....
... .# . #
##.## #..#
.... .
#X@X# ..#.
....b3#XX##
..!..
#...## #.
.....
#..#..# #
..# .
##...##
.##. ###..#
## ##..
####


You could see 4 starcursed masses, a large abomination, a neqoxec and a fire
bat.

Vanquished Creatures
  the Royal Jelly (Slime:5)
  2 juggernauts (Depths:5)
  An ancient lich (Crypt:1)
  4 caustic shrikes
  2 golden dragons (Vaults:5)
  the Enchantress (Depths:4)
  The ghost of Gemnonof the Warrior, an adept DgCj (Depths:1)
  Nikola (Swamp:1)
  Jory (Depths:3)
  Arachne (Spider:3)
  2 profane servitors (Abyss:3)
  4 tentacled monstrosities
  A Cloud Mage (WizLab)
  Jorgrun (Swamp:1)
  An Ice Fiend (IceCv)
  Asterion (Elf:1)
  A quicksilver dragon (Depths:2)
  3 liches
  6 titans
  21 acid blobs
  An Executioner (Abyss:3)
  5 sphinxes
  3 tentacled starspawn (Abyss:3)
  3 shadow dragons (Vaults:5)
  23 azure jellies
  2 storm dragons (Vaults:5)
  A daeva (Abyss:3)
  10 tengu reavers
  7 fire giants
  A deep elf sorcerer (Vaults:5)
  15 vault wardens
  2 iron dragons
  A balrug (Depths:3)
  8 emperor scorpions
  2 ghost moths (Spider:4)
  8 frost giants
  The ghost of Rexfelis the Severer, a journeyman MiBe of Trog (Lair:6)
  A ghoul (Vaults:3)
  A curse skull (Crypt:1)
  An orc warlord (Orc:1)
  5 spriggan defenders
  An ophan (Abyss:3)
  11 ironheart preservers
  11 very ugly things
  A war gargoyle (Vaults:3)
  2 black draconians
  6 caustic shrike skeletons (Depths:4)
  5 vampire knights
  3 entropy weavers
  A deep elf demonologist (Elf:2)
  18 stone giants
  2 deep elf annihilators
  2 dire elephants (shapeshifter) (Vaults:5)
  A white draconian (Depths:5)
  A dire elephant (Depths:4)
  A minotaur (Gauntlet)
  2 purple draconians (Depths:5)
  13 spark wasps
  A deep elf death mage (Vaults:3)
  A green death (Abyss:3)
  A fire dragon (shapeshifter) (Depths:2)
  26 death oozes
  14 ettins
  A crystal guardian (Vaults:4)
  6 fire dragons
  7 jiangshi
  15 ogre magi
  3 blizzard demons
  Fannar (D:10)
  5 deep elf high priests
  15 great orbs of eyes
  15 yaktaur captains
  19 hydras
  7 rakshasas
  Harold (Orc:1)
  The ghost of Dirian the Blocker, a journeyman GnFi of Zin (D:10)
  9 ice dragons
  39 vault guards
  7 spriggan air magi
  3 shambling mangroves
  2 catoblepae
  7 ghost crabs
  14 alligators
  7 centaur warriors
  8 death yaks
  A death knight (D:14)
  2 queen ants
  2 deep troll earth magi
  21 dancing weapons
  2 hell hogs (Abyss:3)
  10 deep troll shamans
  42 two-headed ogres
  A titan zombie (Depths:2)
  2 tengu warriors
  8 vampire magi
  Urug (Orc:2)
  An orc high priest (Orc:2)
  8 spriggan berserkers
  4 thrashing horrors (Abyss:3)
  16 deep elf knights
  3 shock serpents (WizLab)
  3 sun demons
  7 wretched stars
  Nergalle (Orc:2)
  3 soul eaters (Depths:1)
  A shadow wraith (Vaults:3)
  4 iron trolls
  2 spatial maelstroms (Abyss:3)
  3 salamander mystics
  17 deep trolls
  2 skeletal warriors (D:15)
  2 sixfirhies (Gauntlet)
  A death drake (WizLab)
  A sea snake (shapeshifter) (Depths:5)
  A golden dragon zombie (Depths:2)
  9 spriggan druids
  An unseen horror (shapeshifter) (D:15)
  4 glowing orange brains
  An orange crystal statue (Vaults:1)
  14 deep elf archers
  10 swamp dragons
  3 unseen horrors
  21 ironbrand convokers
  An obsidian statue (Depths:1)
  A sphinx zombie (Depths:3)
  A harpy (shapeshifter) (Vaults:2)
  A lindwurm (Lair:6)
  4 wizards
  A flayed ghost (Depths:2)
  5 necromancers
  34 wolf spiders
  12 phantasmal warriors
  14 orc knights
  3 orc sorcerers
  16 orb spiders
  3 fire giant zombies (Depths:3)
  7 salamanders
  8 shining eyes
  10 cyclopes
  A sphinx skeleton (Vaults:4)
  2 stone giant zombies
  47 deep elf magi
  45 ugly things
  2 frost giant zombies (Depths:3)
  3 apocalypse crabs
  6 worldbinders (Abyss:3)
  3 manticores
  3 moths of wrath
  A guardian serpent (shapeshifter) (Vaults:3)
  3 rust devils
  A black mamba (shapeshifter) (Vaults:5)
  An ice statue (IceCv)
  16 elephants
  2 black mambas
  A fire giant skeleton (Abyss:3)
  A water nymph (shapeshifter) (Vaults:5)
  19 spiny frogs
  A storm dragon simulacrum (Vaults:4)
  Psyche (D:10)
  16 vault sentinels
  3 orange demons
  A hellion (Abyss:3)
  3 torpor snails
  7 smoke demons
  An eye of devastation (Slime:5)
  3 spriggan zombies
  6 komodo dragons
  An efreet (WizLab)
  8 rime drakes
  2 hellwings
  4 tengu conjurers
  2 anaconda simulacra (IceCv)
  7 demonic crawlers
  A golden dragon simulacrum (IceCv)
  13 freezing wraiths
  2 spriggan skeletons (D:15)
  40 yaktaurs
  A human skeleton (Vaults:4)
  9 ice devils
  A yaktaur skeleton (Vaults:1)
  A queen bee (Spider:4)
  21 jumping spiders
  A red devil (Depths:1)
  A troll (shapeshifter) (Abyss:3)
  3 meliai (Spider:4)
  6 tyrant leeches
  2 wind drakes (WizLab)
  8 trolls
  8 ancient zymes (Abyss:3)
  6 polar bears
  123 slime creatures
  A hornet (shapeshifter) (Vaults:1)
  A raiju (shapeshifter) (Depths:1)
  30 blink frogs
  8 bog bodies
  33 hornets
  12 raiju
  16 hippogriffs
  A meliai zombie (D:15)
  A stone giant simulacrum (Vaults:3)
  A dream sheep (shapeshifter) (Vaults:4)
  17 large abominations
  An ice dragon zombie (Vaults:1)
  11 dream sheep
  6 flying skulls (Depths:3)
  4 air elementals
  Sigmund (D:5)
  2 redbacks (shapeshifter)
  64 redbacks
  51 spriggans
  4 shadows
  30 tarantellas
  2 spriggans (shapeshifter)
  2 humans
  3 dire elephant simulacra (IceCv)
  2 wraiths
  30 yaks
  A vampire (Abyss:3)
  2 water elementals
  A black mamba skeleton (Crypt:1)
  7 fire bats
  2 ynoxinuls (Abyss:3)
  3 fire elementals
  2 basilisks (Lair:6)
  5 neqoxecs
  3 wyverns
  A hog (shapeshifter) (Vaults:1)
  3 hogs
  2 humans (shapeshifter)
  4 golden eyes
  Eustachio (D:6)
  3 hungry ghosts
  A chaos spawn (Abyss:2)
  44 vampire mosquitoes
  6 wargs
  3 spatial vortices (Abyss:3)
  6 harpy simulacra (IceCv)
  8 insubstantial wisps
  3 iron troll simulacra (IceCv)
  2 acid dragons
  12 small abominations
  22 swamp worms
  22 soldier ants
  9 hell hounds
  10 water moccasins
  10 porcupines
  3 hydra simulacra (IceCv)
  A tengu skeleton (Depths:2)
  A hornet zombie (D:14)
  39 orc warriors
  7 ice beasts
  7 sky beasts
  18 swamp drakes
  2 ettin simulacra
  2 black bears
  5 eyes of draining
  A necrophage (D:13)
  30 ogres
  2 phantoms
  21 starcursed masses (Abyss:3)
  18 boggarts
  21 wolves
  21 centaurs
  12 crocodiles
  4 big kobolds
  2 earth elementals
  Blork the orc (Orc:2)
  15 bullfrogs
  A glowing shapeshifter simulacrum (Depths:3)
  A wyvern zombie (D:13)
  A wyvern skeleton (D:14)
  7 scorpions
  A troll zombie (Swamp:2)
  17 killer bees
  A spectral wolf (Depths:3)
  A manticore simulacrum (Abyss:3)
  3 troll skeletons (Swamp:2)
  A vampire bat (D:2)
  16 wights
  5 electric eels
  18 crimson imps
  2 quasits
  4 centaur zombies
  2 bullfrog zombies
  2 draconian simulacra (IceCv)
  2 human simulacra
  2 human zombies
  A jelly (D:14)
  29 orc priests
  7 hounds
  A bullfrog skeleton (D:4)
  24 orc wizards
  3 iron imps
  7 centaur skeletons
  3 iguanas
  2 polar bear simulacra (IceCv)
  2 spriggan simulacra (IceCv)
  2 troll simulacra (IceCv)
  20 worker ants
  A wolf simulacrum (IceCv)
  A centaur simulacrum (IceCv)
  A hound skeleton (D:7)
  A howler monkey zombie (D:10)
  3 worker ant zombies
  10 gnolls
  14 adders
  4 naga simulacra (IceCv)
  An ogre simulacrum (IceCv)
  5 shadow imps
  22 white imps
  6 ufetubi (IceCv)
  2 adder zombies
  2 adder skeletons
  7 worms
  A worm (shapeshifter) (Vaults:1)
  5 leopard geckos
  82 orcs
  5 bat skeletons (D:2)
  2 bat zombies (D:2)
  4 giant cockroaches
  4 goblins
  5 hobgoblins
  6 jackals
  9 quokkas
  2 ball pythons
  5 bats (D:1)
  3 frilled lizards
  A jackal zombie (D:6)
  25 kobolds
  A quokka zombie (D:9)
  7 rats
  2 crawling corpses (Vaults:3)
  3 demonic plants (Gauntlet)
  19 plants
  3 starspawn tentacles (Abyss:3)
  2 tentacles (Abyss:3)
2528 creatures vanquished.

Vanquished Creatures (others)
  A deep elf blademaster (Elf:2)
  A kraken (Abyss:3)
  2 tengu reavers
  An azure jelly (Slime:5)
  A fire giant (Depths:3)
  A deep elf sorcerer (Elf:1)
  A draconian stormcaller (Depths:5)
  An ironheart preserver (Vaults:3)
  An entropy weaver (Spider:1)
  2 vampire knights
  A death ooze (Slime:5)
  A jiangshi (Depths:3)
  A hydra (Swamp:1)
  An ice dragon (Vaults:4)
  A vault guard (Vaults:3)
  A spriggan air mage (WizLab)
  A death yak (Lair:6)
  A two-headed ogre (Vaults:5)
  A queen ant (Gauntlet)
  A deep elf knight (Elf:2)
  An unseen horror (Abyss:3)
  2 iron trolls
  A deep troll (Depths:5)
  A frost giant zombie (Depths:3)
  4 deep elf magi
  A fire giant zombie (Depths:3)
  A moth of wrath (Spider:3)
  A komodo dragon (Lair:1)
  A troll (D:13)
  4 jumping spiders (Spider:4)
  A hornet (Swamp:4)
  3 slime creatures
  A raiju (Abyss:3)
  2 large abominations
  An air elemental (WizLab)
  A redback (Spider:2)
  A yak (Lair:3)
  A tarantella (Spider:3)
  A chaos spawn (Abyss:2)
  2 fire bats (Abyss:3)
  A vampire mosquito (Swamp:4)
  A swamp worm (Swamp:4)
  A hell hound (Depths:3)
  An orc warrior (Orc:2)
  A sky beast (D:13)
  2 boggarts
  2 centaurs
  An ogre (Vaults:5)
  An orc priest (Vaults:3)
  2 worker ants
  A small abomination (Abyss:3)
  A shadow imp (D:15)
  A white imp (Depths:1)
  11 demonic plants (Gauntlet)
  2 fire vortices (Abyss:2)
  7 fungi
  11 plants
  7 starspawn tentacles (Abyss:3)
  8 tentacles (Abyss:3)
  23 withered plants
138 creatures vanquished.

Grand Total: 2666 creatures vanquished

Notes
Turn   | Place    | Note
-------+----------+-------------------------------------------
     0 | D:1      | xccam the Gnoll Wanderer began the quest for the Orb.
     0 | D:1      | xccam set off with the following items: a +2 dagger, a
                  | scroll of fear, a +0 spear, a +0 robe, a ration; and the
                  | following spell memorised: Shock; and the following spells
                  | available to memorise: Mephitic Cloud
     0 | D:1      | Reached XP level 1. HP: 20/20 MP: 8/8
   115 | D:1      | Reached XP level 2. HP: 23/26 MP: 10/10
   607 | D:1      | Reached XP level 3. HP: 31/31 MP: 11/11
   740 | D:2      | Found a burning altar of Makhleb.
   785 | D:2      | Found an ancient bone altar of Kikubaaqudgha.
   799 | D:2      | Reached skill level 1 in Short Blades
   799 | D:2      | Reached skill level 1 in Long Blades
   799 | D:2      | Reached skill level 1 in Axes
   799 | D:2      | Reached skill level 1 in Maces & Flails
   799 | D:2      | Reached skill level 1 in Polearms
   799 | D:2      | Reached skill level 1 in Staves
   799 | D:2      | Reached skill level 1 in Slings
   799 | D:2      | Reached skill level 1 in Bows
   799 | D:2      | Reached skill level 1 in Crossbows
   799 | D:2      | Reached skill level 1 in Throwing
   799 | D:2      | Reached skill level 1 in Armour
   799 | D:2      | Reached skill level 1 in Dodging
   799 | D:2      | Reached skill level 1 in Shields
   799 | D:2      | Reached skill level 1 in Unarmed Combat
   799 | D:2      | Reached skill level 1 in Invocations
   799 | D:2      | Reached skill level 1 in Evocations
   799 | D:2      | Reached XP level 4. HP: 30/38 MP: 13/13
  1015 | D:2      | Reached skill level 1 in Conjurations
  1015 | D:2      | Reached skill level 1 in Hexes
  1015 | D:2      | Reached skill level 1 in Charms
  1015 | D:2      | Reached skill level 1 in Necromancy
  1015 | D:2      | Reached skill level 1 in Translocations
  1015 | D:2      | Reached skill level 1 in Transmutations
  1015 | D:2      | Reached skill level 1 in Fire Magic
  1015 | D:2      | Reached skill level 1 in Ice Magic
  1015 | D:2      | Reached skill level 1 in Air Magic
  1015 | D:2      | Reached skill level 1 in Earth Magic
  1089 | D:2      | Reached XP level 5. HP: 42/43 MP: 14/14
  1244 | D:2      | Found a shattered altar of Ashenzari.
  1582 | D:3      | Found a sacrificial altar of Ru.
  1590 | D:3      | Became a worshipper of Ru the Awakened
  2006 | D:3      | Found a deep blue altar of Sif Muna.
  2267 | D:4      | Gained mutation: You are somewhat inexperienced. (-2 XL)
                  | [Ru sacrifice]
  2267 | D:4      | Reached XP level 4. HP: 38/38 MP: 13/13
  2267 | D:4      | Reached XP level 3. HP: 32/32 MP: 11/11
  2267 | D:4      | Reached * piety under Ru
  2267 | D:4      | Reached ** piety under Ru
  2287 | D:4      | Found a sparkling altar of Nemelex Xobeh.
  2388 | D:4      | Noticed a scorpion
  2395 | D:4      | Killed a scorpion
  2395 | D:4      | Reached XP level 4. HP: 32/38 MP: 10/13
  2525 | D:4      | Reached XP level 5. HP: 43/43 MP: 14/14
  3104 | D:5      | Entered Level 5 of the Dungeon
  3104 | D:5      | Noticed a sky beast
  3119 | D:4      | Killed a sky beast
  3119 | D:4      | Reached skill level 5 in Fighting
  3119 | D:4      | Reached XP level 6. HP: 34/51 MP: 11/16
  3350 | D:5      | Noticed Sigmund
  3363 | D:5      | Killed Sigmund
  3363 | D:5      | Reached XP level 7. HP: 38/56 MP: 14/18
  3416 | D:5      | Found a bloodstained altar of Trog.
  3550 | D:5      | You fall through a shaft for 3 floors!
  3666 | D:8      | Reached XP level 8. HP: 19/63 MP: 19/19
  4038 | D:8      | Noticed a hippogriff
  4051 | D:8      | Killed a hippogriff
  4149 | D:8      | Found a sacrificial altar of Ru.
  4364 | D:7      | Found Yladilam's Jewellery Shoppe.
  4379 | D:7      | Gained mutation: You are somewhat unskilled. (-1 Apt) [Ru
                  | sacrifice]
  4379 | D:7      | Reached *** piety under Ru
  4379 | D:7      | Reached **** piety under Ru
  4434 | D:6      | Found Myuroif's Antique Armour Shoppe.
  4437 | D:6      | Bought a runed cloak for 195 gold pieces
  4565 | D:6      | Found a staircase to the Ecumenical Temple.
  4787 | D:6      | Found a runed translucent door.
  4815 | D:6      | Found a basalt altar of Yredelemnul.
  4849 | D:6      | Reached XP level 9. HP: 58/68 MP: 20/20
  5152 | D:6      | Found an opulent altar of Gozag.
  5521 | D:6      | Noticed Eustachio
  5534 | D:6      | Killed Eustachio
  5971 | D:7      | Found a snail-covered altar of Cheibriados.
  6075 | D:7      | HP: 3/69 [something (12)]
  6085 | D:7      | Reached XP level 10. HP: 37/76 MP: 21/21
  6326 | D:7      | Found a stormy altar of Qazlal.
  6411 | D:6      | Bought a glowing buckler for 195 gold pieces
  6902 | D:8      | Gained mutation: You cannot train Dodging skill. [Ru
                  | sacrifice]
  6902 | D:8      | Reached ***** piety under Ru
  7151 | D:8      | Found a white marble altar of Elyvilon.
  7227 | D:8      | Found a staircase to the Lair.
  7455 | D:9      | Reached skill level 5 in Invocations
  7946 | D:9      | Noticed a manticore
  7961 | D:9      | Killed a manticore
  8275 | D:9      | Found an ornate altar of the Wu Jian Council.
  8382 | D:10     | Entered Level 10 of the Dungeon
  8573 | D:10     | Reached skill level 5 in Short Blades
  8573 | D:10     | Reached skill level 5 in Long Blades
  8573 | D:10     | Reached skill level 5 in Axes
  8573 | D:10     | Reached skill level 5 in Maces & Flails
  8573 | D:10     | Reached skill level 5 in Polearms
  8573 | D:10     | Reached skill level 5 in Staves
  8573 | D:10     | Reached skill level 5 in Slings
  8573 | D:10     | Reached skill level 5 in Bows
  8573 | D:10     | Reached skill level 5 in Crossbows
  8573 | D:10     | Reached skill level 5 in Throwing
  8573 | D:10     | Reached skill level 5 in Armour
  8573 | D:10     | Reached skill level 5 in Shields
  8573 | D:10     | Reached skill level 5 in Unarmed Combat
  8573 | D:10     | Reached skill level 5 in Evocations
  8766 | D:10     | Noticed a two-headed ogre
  8980 | D:10     | Reached XP level 11. HP: 52/83 MP: 23/23
  8996 | D:10     | Identified Sif Muna's Collected Works on Ignition and
                  | Calling
  9206 | D:10     | Noticed Psyche
  9210 | D:10     | Noticed Fannar
  9215 | D:10     | Killed Psyche
  9584 | D:10     | Found a runed translucent gate.
  9584 | D:10     | Found a runed translucent gate.
  9584 | D:10     | Found a runed translucent gate.
  9586 | D:10     | Noticed Dirian's ghost (journeyman GnFi)
  9657 | D:10     | Killed Dirian's ghost
  9657 | D:10     | Reached skill level 5 in Summonings
  9657 | D:10     | Reached skill level 5 in Poison Magic
  9816 | D:10     | Noticed a cyan ugly thing
  9818 | D:10     | Noticed a brown ugly thing
  9830 | D:10     | Noticed a green ugly thing
  9834 | D:10     | Noticed a purple ugly thing
  9842 | D:10     | Killed a green ugly thing
  9924 | D:9      | Killed a purple ugly thing
 10347 | D:10     | Killed a purple ugly thing
 10459 | D:10     | Killed a two-headed ogre
 10669 | D:10     | Noticed an unseen horror
 10731 | D:10     | Killed an unseen horror
 10879 | D:10     | Noticed a cyan ugly thing
 11025 | Lair:1   | Entered Level 1 of the Lair of Beasts
 11409 | D:10     | Noticed a wizard
 11419 | D:10     | Killed a wizard
 11424 | D:10     | Got an ichor-stained scale mail
 11435 | D:10     | Identified the +1 scale mail of the Neverending Scars
                  | {Str+2 Dex+3} (You found it on level 10 of the Dungeon)
 11500 | D:10     | Killed Fannar
 11534 | D:10     | Noticed a purple very ugly thing
 11535 | D:10     | Noticed a brown ugly thing
 11535 | D:10     | Noticed a wizard
 11710 | D:10     | Killed a wizard
 11710 | D:10     | Reached skill level 5 in Conjurations
 11710 | D:10     | Reached skill level 5 in Hexes
 11710 | D:10     | Reached skill level 5 in Charms
 11710 | D:10     | Reached skill level 5 in Necromancy
 11710 | D:10     | Reached skill level 5 in Translocations
 11710 | D:10     | Reached skill level 5 in Transmutations
 11710 | D:10     | Reached skill level 5 in Fire Magic
 11710 | D:10     | Reached skill level 5 in Ice Magic
 11710 | D:10     | Reached skill level 5 in Air Magic
 11710 | D:10     | Reached skill level 5 in Earth Magic
 11831 | D:11     | Noticed a cyclops
 11889 | D:11     | Killed a cyclops
 11898 | D:11     | Found a gate leading to a gauntlet.
 11915 | D:11     | Reached XP level 12. HP: 91/91 MP: 23/25
 11954 | Gauntlet | Entered a Gauntlet
 11954 | Gauntlet | Found a transporter.
 11954 | Gauntlet | Found a transporter.
 11958 | Gauntlet | Found a transporter.
 11959 | Gauntlet | Found a transporter.
 11961 | Gauntlet | Noticed a queen ant
 11974 | Gauntlet | Noticed a shock serpent
 11974 | Gauntlet | an elephant changed into a shock serpent
 11976 | Gauntlet | Found a transporter.
 11976 | Gauntlet | Found a transporter.
 11986 | Gauntlet | a shock serpent changed into a cyclops
 11990 | Gauntlet | Found a transporter.
 11991 | Gauntlet | Found the +12 Vampire's Tooth {vamp}
 11991 | Gauntlet | Noticed an entropy weaver
 12076 | Gauntlet | Found a transporter.
 12080 | Gauntlet | Found a transporter.
 12090 | Gauntlet | Found a transporter.
 12094 | Gauntlet | Found a transporter.
 12098 | Gauntlet | Noticed a shock serpent
 12098 | Gauntlet | a faun changed into a shock serpent
 12100 | Gauntlet | a shock serpent changed into a mana viper
 12110 | Gauntlet | Found a transporter.
 12111 | Gauntlet | Noticed a wretched star
 12176 | Gauntlet | Killed a queen ant
 12194 | Gauntlet | Got a heavily runed copper amulet
 12198 | Gauntlet | Identified the amulet "Caps" {Spirit MR+ Dex+7 SInv Stlth-}
                  | (You found it in a Gauntlet)
 12592 | Gauntlet | Got a brightly glowing bronze amulet
 12594 | Gauntlet | Identified the amulet "Gisopoge" {Acrobat *Drain +Fly rN+}
                  | (You found it in a Gauntlet)
 12617 | Gauntlet | Noticed a queen ant
 12617 | Gauntlet | an entropy weaver changed into a queen ant
 12631 | Gauntlet | Killed a queen ant
 12703 | Gauntlet | Got a pair of brightly glowing boots
 12720 | Gauntlet | Identified the +2 pair of boots of the Vacuum {rElec rN+++
                  | MR++ Int-4} (You found it in a Gauntlet)
 12777 | Gauntlet | Identified the +7 glaive "Ompax" {speed, rPois}
 12777 | Gauntlet | Noticed a minotaur
 12794 | Gauntlet | Killed a minotaur
 12805 | Gauntlet | Got a brightly glowing leather armour
 12856 | Gauntlet | Identified the cursed +1 leather armour of Xykhloup {-Tele
                  | rPois Str+3 Int+5} (You found it in a Gauntlet)
 13684 | D:12     | Found Jeham's Magic Scroll Boutique.
 13708 | D:12     | Bought a scroll of immolation for 42 gold pieces
 13708 | D:12     | Bought a scroll of identify for 24 gold pieces
 13708 | D:12     | Bought a scroll of brand weapon for 240 gold pieces
 13990 | D:12     | Noticed a two-headed ogre
 14007 | D:12     | Killed a two-headed ogre
 14092 | D:12     | Reached XP level 13. HP: 98/98 MP: 26/26
 14423 | D:12     | Found a staircase to the Orcish Mines.
 15776 | D:14     | Noticed a vault guard
 15776 | D:14     | Noticed a vault guard
 15777 | D:14     | Noticed a vault guard
 15778 | D:14     | Found a gate to the Vaults.
 15778 | D:14     | Noticed a vault guard
 15778 | D:14     | Noticed a vault guard
 15778 | D:14     | Noticed a vault guard
 15779 | D:14     | Noticed a vault guard
 15779 | D:14     | Noticed a vault guard
 15782 | D:14     | Killed a vault guard
 15782 | D:14     | Killed a vault guard
 15782 | D:14     | Reached skill level 10 in Spellcasting
 15784 | D:14     | Killed a vault guard
 15788 | D:14     | Killed a vault guard
 15790 | D:14     | Killed a vault guard
 15791 | D:14     | Killed a vault guard
 15794 | D:14     | Killed a vault guard
 15796 | D:14     | Killed a vault guard
 15972 | D:14     | Gained mutation: You have somewhat slow reflexes. (EV -5)
                  | [Ru sacrifice]
 15972 | D:14     | Reached ****** piety under Ru
 16026 | D:14     | Noticed a fire dragon
 16079 | D:14     | Killed a fire dragon
 16079 | D:14     | Reached XP level 14. HP: 103/108 MP: 28/28
 16116 | D:14     | Identified a scroll of acquirement
 16118 | D:14     | Got a pair of shimmering gloves
 16129 | D:14     | Identified the +1 pair of gloves "Xougecwaal" {Dex+3} (You
                  | acquired it on level 14 of the Dungeon)
 16593 | D:15     | Entered Level 15 of the Dungeon
 16909 | Orc:1    | Entered Level 1 of the Orcish Mines
 17112 | Orc:1    | Noticed Harold
 17129 | Orc:1    | Killed Harold
 17208 | Orc:2    | Entered Level 2 of the Orcish Mines
 17465 | Orc:2    | Noticed Urug
 17833 | Orc:2    | Found a staircase to the Elven Halls.
 17941 | Orc:2    | Noticed Blork the orc
 17941 | Orc:2    | Noticed an orc warlord
 17973 | Orc:1    | Killed an orc warlord
 18015 | Orc:2    | Killed Blork the orc
 18015 | Orc:2    | Reached skill level 10 in Stealth
 18057 | Orc:2    | Noticed Nergalle
 18110 | Orc:2    | Killed Nergalle
 18244 | Orc:2    | Found a roughly hewn altar of Beogh.
 18287 | Orc:2    | Found Rimmuth's Antique Armour Emporium.
 18384 | Orc:2    | Killed Urug
 18451 | Orc:2    | Found a roughly hewn altar of Beogh.
 18510 | Orc:2    | Found Jaudedi's Antique Weapon Emporium.
 18524 | Orc:2    | Found Mobelof's General Store.
 18558 | Orc:2    | Found Rupheigos's Jewellery Emporium.
 18565 | Orc:2    | Bought an uncursed ring of poison resistance for 340 gold
                  | pieces
 19154 | Lair:1   | Got a vibrating glass ring
 19155 | Lair:1   | Identified the ring of the Country {rCorr Str+3 Int+4} (You
                  | acquired it on level 1 of the Lair of Beasts)
 19810 | Lair:2   | Found a hole to the Spider Nest.
 20721 | Lair:3   | Reached XP level 15. HP: 115/115 MP: 29/29
 21006 | Lair:3   | Found a staircase to the Swamp.
 21657 | Lair:4   | You fall through a shaft for 2 floors!
 21657 | Lair:6   | Entered Level 6 of the Lair of Beasts
 22149 | Lair:5   | Reached skill level 10 in Fighting
 22246 | Lair:5   | You fall through a shaft!
 22308 | Lair:6   | Reached skill level 10 in Invocations
 22647 | Lair:6   | Found a runed translucent door.
 22649 | Lair:6   | Noticed Rexfelis's ghost (journeyman MiBe)
 22726 | Lair:6   | Killed Rexfelis's ghost
 23877 | Lair:5   | Found a viscous altar of Jiyva.
 23879 | Lair:5   | Found a staircase to the Slime Pits.
 24386 | Swamp:1  | Entered Level 1 of the Swamp
 24491 | Swamp:1  | Reached XP level 16. HP: 112/123 MP: 31/31
 24625 | Swamp:1  | Noticed Jorgrun
 24665 | Swamp:1  | Killed Jorgrun
 25113 | Swamp:1  | Noticed Nikola
 25166 | Swamp:1  | Killed Nikola
 26618 | Swamp:3  | Reached skill level 10 in Short Blades
 26618 | Swamp:3  | Reached skill level 10 in Long Blades
 26618 | Swamp:3  | Reached skill level 10 in Axes
 26618 | Swamp:3  | Reached skill level 10 in Maces & Flails
 26618 | Swamp:3  | Reached skill level 10 in Polearms
 26618 | Swamp:3  | Reached skill level 10 in Staves
 26618 | Swamp:3  | Reached skill level 10 in Slings
 26618 | Swamp:3  | Reached skill level 10 in Bows
 26618 | Swamp:3  | Reached skill level 10 in Crossbows
 26618 | Swamp:3  | Reached skill level 10 in Throwing
 26618 | Swamp:3  | Reached skill level 10 in Armour
 26618 | Swamp:3  | Reached skill level 10 in Shields
 26618 | Swamp:3  | Reached skill level 10 in Unarmed Combat
 26618 | Swamp:3  | Reached skill level 10 in Evocations
 27121 | Swamp:3  | Got an ichor-stained shield
 27122 | Swamp:3  | Identified the +0 shield of the Jackalope {rElec Str+3
                  | Dex-5 Stlth+} (You acquired it on level 3 of the Swamp)
 27703 | Swamp:4  | Entered Level 4 of the Swamp
 27902 | Swamp:4  | Reached XP level 17. HP: 118/131 MP: 27/32
 28932 | Swamp:4  | Got a decaying rune of Zot
 28972 | Swamp:4  | Learned a level 3 spell: Mephitic Cloud
 28976 | Swamp:4  | Learned a level 3 spell: Regeneration
 29277 | Spider:1 | Entered Level 1 of the Spider Nest
 31282 | Spider:3 | Reached XP level 18. HP: 125/138 MP: 34/34
 31526 | Spider:3 | Noticed Arachne
 31553 | Spider:3 | Killed Arachne
 31835 | Spider:4 | Entered Level 4 of the Spider Nest
 31885 | Spider:4 | Found a frozen archway.
 31903 | IceCv    | Entered an ice cave
 32423 | IceCv    | Reached skill level 10 in Fire Magic
 33120 | IceCv    | Noticed an Ice Fiend
 33152 | IceCv    | Killed an Ice Fiend
 33183 | IceCv    | Identified the Tome of Ghastly Snow
 34235 | Spider:4 | Got a gossamer rune of Zot
 34555 | Vaults:1 | Entered Level 1 of the Vaults
 35055 | Vaults:1 | Reached skill level 10 in Summonings
 35055 | Vaults:1 | Reached skill level 10 in Poison Magic
 35055 | Vaults:1 | Reached XP level 19. HP: 95/146 MP: 35/35
 36388 | Vaults:1 | Reached skill level 10 in Conjurations
 36388 | Vaults:1 | Reached skill level 10 in Hexes
 36388 | Vaults:1 | Reached skill level 10 in Charms
 36388 | Vaults:1 | Reached skill level 10 in Necromancy
 36388 | Vaults:1 | Reached skill level 10 in Translocations
 36388 | Vaults:1 | Reached skill level 10 in Transmutations
 36388 | Vaults:1 | Reached skill level 10 in Ice Magic
 36388 | Vaults:1 | Reached skill level 10 in Air Magic
 36388 | Vaults:1 | Reached skill level 10 in Earth Magic
 36472 | Vaults:2 | Found the +9 heavy crossbow "Sniper" {velocity, Acc+∞ SInv}
 36712 | Vaults:1 | Cast into level 3 of the Abyss (tengu reaver)
 37069 | Abyss:3  | Noticed a tentacled monstrosity
 37070 | Abyss:3  | Noticed a tentacled monstrosity
 37287 | Abyss:3  | Noticed a profane servitor
 37405 | Abyss:3  | Found a corrupted altar of Lugonu.
 37410 | Abyss:3  | Gained mutation: You have large cloven feet. [a neqoxec]
 37444 | Abyss:3  | Noticed a profane servitor
 37460 | Abyss:3  | Killed a profane servitor
 37478 | Vaults:1 | Escaped the Abyss
 37480 | Vaults:1 | HP: 5/117 [poisoned by a profane servitor]
 38019 | Vaults:2 | Got a scorched scale mail
 38020 | Vaults:2 | Identified the +1 scale mail of Hualib {rC+ Regen+ Int+7}
                  | (You found it on level 2 of the Vaults)
 38730 | Vaults:2 | Reached XP level 20. HP: 155/155 MP: 28/37
 39577 | Vaults:3 | Identified the +9 broad axe of Destiny {venom, Str+3 Int+4}
 39791 | Vaults:3 | Identified the +2 chain mail of the Monkey's Uncle {rC-
                  | MP+9 Str+3} (You found it on level 3 of the Vaults)
 39965 | Vaults:3 | Found Hyuwet's Assorted Antiques.
 40027 | Vaults:3 | Found a staircase to the Crypt.
 40509 | Vaults:3 | Found Ysuthil's Book Shop.
 40513 | Vaults:3 | Found Lixzeigh's Food Shop.
 40706 | Vaults:3 | You fall through a shaft!
 40962 | Vaults:3 | Bought an iridescent trident for 246 gold pieces
 40963 | Vaults:3 | Identified the +8 trident "Qipliby" {venom, Int+4} (You
                  | bought it in a shop on level 3 of the Vaults)
 40971 | Vaults:3 | Found Zang's Gadget Boutique.
 41631 | Vaults:4 | Reached XP level 21. HP: 136/162 MP: 38/38
 42755 | D:15     | Found Nooconko's Antique Weapon Shop.
 42815 | D:15     | Found a staircase to the Depths.
 43386 | Depths:1 | Entered Level 1 of the Depths
 43440 | Depths:1 | Found a runed translucent gate.
 43440 | Depths:1 | Found a runed translucent gate.
 43441 | Depths:1 | Found a runed translucent gate.
 43444 | Depths:1 | Found a viscous altar of Jiyva.
 43444 | Depths:1 | Noticed Gemnonof's ghost (adept DgCj)
 43577 | Depths:1 | Killed Gemnonof's ghost
 44407 | Depths:1 | Found a gateway to Hell.
 45396 | Depths:2 | Noticed a caustic shrike
 45416 | Depths:2 | Killed a caustic shrike
 45666 | Depths:2 | Reached XP level 22. HP: 130/168 MP: 40/40
 47710 | Depths:3 | Got a scintillating steel ring
 47732 | Depths:3 | Identified the ring of Jemecysu {MR+ Str+5} (You found it
                  | on level 3 of the Depths)
 48406 | Depths:3 | Found a basalt altar of Yredelemnul.
 48406 | Depths:3 | Noticed Jory
 48418 | Depths:3 | Killed Jory
 48637 | Depths:3 | Got a steaming chain mail
 48648 | Depths:3 | Identified the +6 chain mail of Kanwetat {rElec Int+3
                  | Dex+6} (You found it on level 3 of the Depths)
 49540 | Depths:3 | Found a one-way gate leading to the halls of Pandemonium.
 50172 | Depths:4 | Reached XP level 23. HP: 176/176 MP: 41/41
 50233 | Depths:4 | Found a one-way gate to the infinite horrors of the Abyss.
 50304 | Depths:4 | Found a gateway to a ziggurat.
 50462 | Depths:4 | Found a bloodstained altar of Trog.
 50550 | Depths:4 | Got a slimy bone ring
 50551 | Depths:4 | Identified the ring "Fituatif" {*Tele rElec Dex+7} (You
                  | found it on level 4 of the Depths)
 51336 | Depths:4 | Identified the +5 buckler "Yguebroxt" {rPois MR+}
 51603 | Depths:4 | Reached skill level 15 in Spellcasting
 51684 | Depths:4 | Identified the +5 faerie dragon scales {rPois rC+ rCorr
                  | Str-3}
 51684 | Depths:4 | Noticed the Enchantress
 51717 | Depths:4 | Killed the Enchantress
 52189 | Depths:5 | Entered Level 5 of the Depths
 52191 | Depths:5 | Noticed a juggernaut
 52291 | Depths:5 | Noticed a juggernaut
 52651 | Depths:5 | Reached skill level 15 in Invocations
 52762 | Depths:5 | Killed a juggernaut
 52860 | Depths:5 | Killed a juggernaut
 52910 | Depths:5 | Noticed a caustic shrike
 53235 | Depths:5 | Noticed a caustic shrike
 53238 | Depths:5 | Noticed a caustic shrike
 53403 | Depths:5 | Killed a caustic shrike
 53429 | Depths:4 | HP: 8/179 [caustic shrike (22)]
 53431 | Depths:4 | Killed a caustic shrike
 53751 | Depths:5 | Killed a caustic shrike
 53977 | Depths:5 | Found a gate to the Realm of Zot.
 55013 | Slime:1  | Entered Level 1 of the Pits of Slime
 55296 | Slime:2  | Reached XP level 24. HP: 174/187 MP: 42/42
 55338 | Slime:3  | Reached skill level 15 in Stealth
 55733 | Slime:5  | Entered Level 5 of the Pits of Slime
 56098 | Slime:5  | Gained mutation: [You are frail. (-10% HP)] [a shining eye]
 56470 | Slime:5  | Found a viscous altar of Jiyva.
 56474 | Slime:5  | Noticed the Royal Jelly
 56655 | Slime:5  | Gained mutation: You are clumsy. (Dex -2) [a shining eye]
 57316 | Slime:5  | Gained mutation: You tend to lose your temper in combat. [a
                  | shining eye]
 58152 | Crypt:1  | Entered Level 1 of the Crypt
 58154 | Crypt:1  | Noticed an ancient lich
 58170 | Crypt:1  | Killed an ancient lich
 58883 | Elf:1    | Entered Level 1 of the Elven Halls
 58989 | Elf:1    | Found Xaheulu's Armour Shop.
 59050 | Elf:1    | Identified the Handbook of Creative Conjuration
 59164 | Elf:1    | Found Soklopp's Antique Armour Emporium.
 59178 | Elf:1    | Bought an encrusted cloak for 266 gold pieces
 59188 | Elf:1    | Identified the +0 cloak of Chimes {Int+3} (You bought it in
                  | a shop on level 1 of the Elven Halls)
 59353 | Elf:1    | Found Ynyosaiw's Food Shoppe.
 59452 | Elf:1    | Noticed Asterion
 59515 | Elf:1    | Killed Asterion
 59623 | Elf:1    | Reached skill level 15 in Fighting
 59778 | Elf:1    | Found Lirchuxi's Magic Scroll Shoppe.
 59800 | Elf:1    | Bought a scroll of blinking for 82 gold pieces
 59800 | Elf:1    | Bought a scroll of identify for 22 gold pieces
 59972 | Elf:2    | Found Egod's General Store.
 60183 | Elf:2    | Found a magical portal.
 60186 | WizLab   | Entered The Chambers of the Cloud Mage
 60982 | WizLab   | Identified the +2 scale mail of Tartarus {Str+4 Int-3
                  | Slay+2} (You found it in a wizard's laboratory)
 60986 | WizLab   | Got a heavily runed brass ring
 60987 | WizLab   | Identified the ring "Boiravuo" {+Fly rN+ MR- Stlth+} (You
                  | found it in a wizard's laboratory)
 60990 | WizLab   | Identified the Papyrus of Feathers
 61200 | Elf:2    | Found a runed translucent gate.
 61200 | Elf:2    | Found a runed translucent gate.
 61200 | Elf:2    | Found a runed translucent gate.
 61791 | Elf:2    | Reached XP level 25. HP: 168/168 MP: 42/42
 62724 | Slime:1  | You fall through a shaft!
 63189 | Slime:5  | Killed the Royal Jelly
 63942 | Slime:5  | Identified the Incunabulum of Creative Toxins
 63953 | Slime:5  | Got a slimy rune of Zot
 63955 | Slime:5  | Got a clouded brass amulet
 63956 | Slime:5  | Identified the amulet "Seruiggy" {Reflect +Inv Dex+5 SH+4
                  | Stlth+} (You found it on level 5 of the Pits of Slime)
 63980 | Slime:5  | Identified the +5 hand crossbow "Pumeofaps" {freeze, Str+4}
                  | (You found it on level 5 of the Pits of Slime)
 64031 | Slime:5  | Identified the +0 pair of gloves of Oqunlube {rPois Int+3
                  | Dex+6} (You found it on level 5 of the Pits of Slime)
 64037 | Slime:5  | Got a flickering tin ring
 64038 | Slime:5  | Identified the ring "Mawoiwk" {*Drain +Fly rElec SInv} (You
                  | acquired it on level 5 of the Pits of Slime)
 64505 | Vaults:4 | Learned a level 6 spell: Iron Shot
 64512 | Vaults:4 | Learned a level 6 spell: Statue Form
 64573 | Vaults:5 | Entered Level 5 of the Vaults
 64626 | Vaults:5 | Identified the +9 rapier of Exquisite Death {holy, Dex+3}
 64689 | Vaults:5 | Reached skill level 15 in Short Blades
 64689 | Vaults:5 | Reached skill level 15 in Long Blades
 64689 | Vaults:5 | Reached skill level 15 in Axes
 64689 | Vaults:5 | Reached skill level 15 in Maces & Flails
 64689 | Vaults:5 | Reached skill level 15 in Polearms
 64689 | Vaults:5 | Reached skill level 15 in Staves
 64689 | Vaults:5 | Reached skill level 15 in Slings
 64689 | Vaults:5 | Reached skill level 15 in Bows
 64689 | Vaults:5 | Reached skill level 15 in Crossbows
 64689 | Vaults:5 | Reached skill level 15 in Throwing
 64689 | Vaults:5 | Reached skill level 15 in Armour
 64689 | Vaults:5 | Reached skill level 15 in Shields
 64689 | Vaults:5 | Reached skill level 15 in Unarmed Combat
 64689 | Vaults:5 | Reached skill level 15 in Evocations
 65509 | Vaults:5 | Identified the ring of Vehi Qom {+Fly Int+3}
 66250 | Vaults:5 | Got a silver rune of Zot
 66549 | Vaults:5 | Identified the +1 ring mail "Tilaas" {Dex+6}
 67521 | Vaults:5 | Identified the Tome of the Snowflakes
 68061 | Depths:4 | Voluntarily entered the Abyss.
 69277 | Abyss:3  | Paralysed by accursed screaming for 1 turns
 69533 | Abyss:3  | Gained mutation: Armour fits poorly on your strangely
                  | shaped body. [a neqoxec]
 69540 | Abyss:3  | Gained mutation: You occasionally shout uncontrollably at
                  | your foes. [a neqoxec]
 69594 | Abyss:3  | Found a burning altar of Makhleb.
 69797 | Abyss:3  | Found a corrupted altar of Lugonu.
 69888 | Abyss:3  | Mangled by a large abomination

Skill      XL: |  1  2  3  4  5  6  7  8  9 10 11 12 13 14 15 16 17 18 19 20 21 22 23 24 25 |
---------------+----------------------------------------------------------------------------+-----
Summonings     | 2 3 4 5 6 7 8 9 10 11 12 13 | 13.6
Poison Magic   | 2 3 4 5 6 7 8 9 10 11 12 13 | 13.6
Stealth        | 6 7 8 9 10 11 12 13 14 15 16 | 16.3
Short Blades   | 1 2 3 4 5 6 7 8 9 10 11 12 13 14 15 | 15.6
Long Blades    | 1 2 3 4 5 6 7 8 9 10 11 12 13 14 15 | 15.6
Axes           | 1 2 3 4 5 6 7 8 9 10 11 12 13 14 15 | 15.6
Maces & Flails | 1 2 3 4 5 6 7 8 9 10 11 12 13 14 15 | 15.6
Polearms       | 1 2 3 4 5 6 7 8 9 10 11 12 13 14 15 | 15.6
Staves         | 1 2 3 4 5 6 7 8 9 10 11 12 13 14 15 | 15.6
Slings         | 1 2 3 4 5 6 7 8 9 10 11 12 13 14 15 | 15.6
Bows           | 1 2 3 4 5 6 7 8 9 10 11 12 13 14 15 | 15.6
Crossbows      | 1 2 3 4 5 6 7 8 9 10 11 12 13 14 15 | 15.6
Throwing       | 1 2 3 4 5 6 7 8 9 10 11 12 13 14 15 | 15.6
Armour         | 1 2 3 4 5 6 7 8 9 10 11 12 13 14 15 | 15.6
Dodging        | 1 2 3 4 0 |  0.0
Shields        | 1 2 3 4 5 6 7 8 9 10 11 12 13 14 15 | 15.6
Unarmed Combat | 1 2 3 4 5 6 7 8 9 10 11 12 13 14 15 | 15.6
Invocations    | 2 3 4 5 6 7 8 9 10 11 12 13 14 15 16 | 16.8
Evocations     | 1 2 3 4 5 6 7 8 9 10 11 12 13 14 15 | 15.6
Conjurations   | 1 2 3 4 5 6 7 8 9 10 11 12 13 | 13.4
Hexes          | 1 2 3 4 5 6 7 8 9 10 11 12 13 | 13.4
Charms         | 1 2 3 4 5 6 7 8 9 10 11 12 13 | 13.4
Necromancy     | 1 2 3 4 5 6 7 8 9 10 11 12 13 | 13.4
Translocations | 1 2 3 4 5 6 7 8 9 10 11 12 13 | 13.4
Transmutations | 1 2 3 4 5 6 7 8 9 10 11 12 13 | 13.4
Fire Magic     | 1 2 3 4 5 6 7 8 9 10 11 12 13 | 13.8
Ice Magic      | 1 2 3 4 5 6 7 8 9 10 11 12 13 | 13.8
Air Magic      | 1 2 3 4 5 6 7 8 9 10 11 12 13 | 13.4
Earth Magic    | 1 2 3 4 5 6 7 8 9 10 11 12 13 | 13.4
Fighting       | 5 6 7 8 9 10 11 12 13 14 15 16 | 16.0
Spellcasting   | 7 8 9 10 11 12 13 14 15 16 | 16.6

Action                   |  1- 3 |  4- 6 |  7- 9 | 10-12 | 13-15 | 16-18 | 19-21 | 22-24 | 25-27 || total
-------------------------+-------+-------+-------+-------+-------+-------+-------+-------+-------++-------
Melee: Dagger            |    10 |       |       |       |       |       |       |       |       ||    10
       Rapier            |       |       |    55 |   417 |       |       |       |       |       ||   472
       Bite              |       |       |     9 |   104 |   416 |   683 |   738 |  1031 |   236 ||  3217
       Quick blade       |       |       |       |   276 |  2161 |  3166 |  3337 |  4305 |       || 13245
       Broad axe         |       |       |       |       |       |       |   158 |   491 |  1264 ||  1913
 Fire: Hunting sling     |    73 |   163 |   344 |   409 |       |       |       |       |       ||   989
       Hand crossbow     |       |       |       |       |       |       |       |       |    14 ||    14
Throw: Javelin           |       |       |       |     1 |     1 |     5 |       |     2 |     5 ||    14
 Cast: Shock             |     4 |       |       |       |       |       |       |       |       ||     4
       Regeneration      |       |       |       |       |       |       |     1 |    31 |    73 ||   105
       Statue Form       |       |       |       |       |       |       |       |       |     1 ||     1
Invok: Sacrifice Experie |     1 |       |       |       |       |       |       |       |       ||     1
       Sacrifice Skill   |       |       |     1 |       |       |       |       |       |       ||     1
       Power Leap        |       |       |     2 |    18 |     8 |     9 |     3 |    13 |     6 ||    59
       Draw Out Power    |       |       |     1 |     1 |       |       |       |       |       ||     2
       Sacrifice Nimblen |       |       |       |     1 |       |       |       |       |       ||     1
       Apocalypse        |       |       |       |     3 |     3 |     6 |     7 |     4 |     8 ||    31
       Reject Sacrifices |       |       |       |     1 |       |       |       |       |       ||     1
       Sacrifice Health  |       |       |       |       |     1 |       |       |       |       ||     1
 Abil: Evoke Invisibilit |       |       |       |       |       |       |       |       |     1 ||     1
Evoke: Wand              |       |       |     1 |    23 |     2 |       |    11 |    13 |       ||    50
  Use: Scroll            |     1 |     1 |     2 |    20 |    10 |    19 |    12 |    19 |    18 ||   102
       Potion            |       |       |     2 |    15 |       |       |     7 |     4 |    15 ||    43
 Stab: Distracted        |       |       |     1 |     2 |    12 |    12 |    16 |    26 |    20 ||    89
       Invisible         |       |       |       |    14 |    12 |    41 |    27 |    39 |    34 ||   167
       Paralysed         |       |       |       |     1 |    16 |    13 |    16 |    14 |    24 ||    84
       Sleeping          |       |       |       |     3 |    29 |    14 |     4 |    20 |     2 ||    72
       Confused          |       |       |       |       |       |     2 |       |     1 |       ||     3
  Eat: Chunk             |     1 |     4 |     4 |    21 |    35 |    15 |    16 |    27 |     4 ||   127
       Ration            |       |     1 |     1 |     6 |       |     6 |     7 |     9 |     9 ||    39
Armor: Robe              |     9 |       |       |       |       |       |       |       |       ||     9
       Ring mail         |    21 |     4 |       |       |       |       |       |       |       ||    25
       Chain mail        |     1 |    23 |   129 |   222 |       |       |       |   297 |       ||   672
       Skin              |       |       |    12 |    23 |       |       |       |       |       ||    35
       Scale mail        |       |       |       |    82 |   479 |  1005 |   207 |       |       ||  1773
       Plate armour      |       |       |       |       |       |       |   670 |   354 |       ||  1024
       Acid dragon scale |       |       |       |       |       |       |       |   824 |   652 ||  1476
Dodge: Dodged            |    18 |    11 |    55 |   173 |   157 |   303 |   135 |   236 |   173 ||  1261
Block: Buckler           |       |       |       |   188 |   232 |   517 |   443 |   931 |   729 ||  3040
       Reflection        |       |       |       |     2 |       |       |       |       |    19 ||    21
